AoeStats
← Gonvalon10

Black Forest

503232984Analyzed
3v3 RM · 1mo ago on Aug 30, 2026· 47m 30s· 6 players
Game mode
Random Map
Map size
Normal (6 player)
Population
200
Speed
Normal
Resources
Standard
Victory
Conquest
Starting age
Dark Age
Ending age
Imperial Age
RankedLock teamsTeams togetherTeam positionsShared explorationLock speedFull tech treeHidden civsTurbo modeCheats
Victory
Defeat
🇺🇸 Cumans · United States
898
+14
🇩🇪 Persians · Germany
866
+15
🇺🇸 Hindustanis · United States
862
+15
🇩🇰 Bohemians · Denmark
885
-16
🇩🇰 Mongols · Denmark
849
-15
🇩🇰 Koreans · Denmark
813
-13
MR WOODY
0:36 Loom
15:35 Feudal Age
16:14 Double-Bit Axe
16:13 Horse Collar
16:27 Gold Mining
16:50 Stone Mining
26:46 Castle Age
29:16 Gold Shaft Mining
28:46 Heavy Plow
28:59 Bow Saw
29:26 Stone Shaft Mining
32:45 Imperial Age
34:26 Chemistry
34:15 Wheelbarrow
35:17 Siege Engineers
42:02 Thumb Ring
46:46 Hand Cart
RarinWheel65511
10:20 Feudal Age
12:43 Double-Bit Axe
12:49 Loom
13:40 Horse Collar
18:37 Wheelbarrow
22:44 Castle Age
21:26 Scale Barding Armor
21:31 Forging
22:26 Scale Mail Armor
22:27 Padded Archer Armor
22:17 Fletching
23:40 Bloodlines
24:17 Hand Cart
24:16 Bow Saw
24:10 Heavy Plow
27:28 Iron Casting
27:14 Chain Barding Armor
27:00 Stone Mining
27:00 Gold Mining
27:06 Gold Mining
27:43 Bodkin Arrow
28:03 Leather Archer Armor
28:04 Chain Mail Armor
32:07 Imperial Age
30:28 Town Watch
33:51 Gold Shaft Mining
32:45 Elite Steppe Lancer
33:34 Caravan
34:26 Town Patrol
34:20 Onager
36:45 Crop Rotation
38:01 Two-Man Saw
37:46 Pikeman
39:23 Halberdier
43:28 Plate Barding Armor
43:23 Plate Mail Armor
43:25 Ring Archer Armor
43:55 Blast Furnace
44:46 Capped Ram
45:54 Siege Ram
Gonvalon10
2:58 Loom
12:14 Feudal Age
17:46 Castle Age
16:06 Horse Collar
16:39 Double-Bit Axe
17:00 Town Watch
18:13 Heavy Plow
20:16 Bow Saw
27:54 Wheelbarrow
31:44 Imperial Age
29:56 Stone Mining
30:00 Gold Mining
29:43 Crossbowman
30:28 Thumb Ring
30:46 Masonry
33:36 Chemistry
33:36 Kamandaran
33:57 Conscription
34:00 Bloodlines
33:57 Padded Archer Armor
33:48 Fletching
34:05 Scale Mail Armor
34:40 Crop Rotation
35:33 Two-Man Saw
36:38 Squires
35:59 Pikeman
36:57 Husbandry
38:23 Citadels
38:49 Hoardings
37:38 Light Cavalry
38:49 Bodkin Arrow
39:06 Forging
39:13 Leather Archer Armor
39:16 Chain Mail Armor
39:47 Arson
40:27 Halberdier
43:35 Plate Mail Armor
43:14 Scale Barding Armor
43:40 Ring Archer Armor
43:47 Iron Casting
46:46 Gold Shaft Mining
46:48 Stone Shaft Mining
46:39 Ballistics
46:09 Heated Shot
46:50 Architecture
Nickolai k
13:30 Feudal Age
20:46 Castle Age
29:43 Imperial Age
27:49 Double-Bit Axe
30:08 Chemistry
32:04 Elite Hussite Wagon
33:36 Wheelbarrow
35:20 Bow Saw
The Priest1783
1:51 Loom
12:16 Feudal Age
17:36 Castle Age
15:50 Double-Bit Axe
17:02 Fletching
17:08 Horse Collar
22:26 Wheelbarrow
22:33 Heavy Plow
23:14 Stone Mining
24:34 Bow Saw
26:39 Town Watch
27:57 Hand Cart
30:12 Ballistics
32:32 Imperial Age
31:58 Fortified Wall
31:49 Bodkin Arrow
34:52 Conscription
35:08 Gold Mining
35:36 Thumb Ring
35:35 Padded Archer Armor
36:56 Gold Shaft Mining
37:16 Caravan
39:42 Chemistry
39:05 Leather Archer Armor
41:46 Bracer
42:17 Parthian Tactics
42:33 Heavy Cavalry Archer
LarsPeder
2:24 Loom
11:03 Feudal Age
15:47 Wheelbarrow
19:55 Horse Collar
23:09 Double-Bit Axe
27:08 Fletching
30:43 Castle Age
29:16 Scale Barding Armor
29:12 Scale Mail Armor
31:10 Forging
31:33 Squires
31:20 Gambesons
32:30 Bodkin Arrow
33:09 Hand Cart
33:04 Pikeman
33:49 Husbandry
33:56 Thumb Ring
36:54 Bow Saw
37:07 Elite Skirmisher
39:39 Caravan
48:08 Imperial Age
48:51 Imperial Age
Connection lost

Rejoining the realm…

Still unreachable

The connection could not be restored.

Session expired

The server has moved on; the page needs a fresh start.